 Dungeon Crawl Stone Soup version 0.28.0-53-g5a82cb258f (webtiles) character file.

Game seed: 14348635959226444714

120937 Woods the Eclecticist (level 16, -10/93 HPs)
             Began as a Deep Elf Air Elementalist on June 12, 2022.
             Was the Champion of Kikubaaqudgha.
             Hit by a large rock thrown by Polyphemus (25 damage)
             ... on level 2 of the Shoals.
             The game lasted 02:12:19 (56826 turns).

Woods the Eclecticist (Deep Elf Air Elementalist)  Turns: 56826, Time: 02:12:19

Health: -10/93     AC: 12    Str:  7    XL:     16   Next: 31%
Magic:  20/50      EV: 20    Int: 27    God:    Kikubaaqudgha [******]
Gold:   3467       SH:  5    Dex: 22    Spells: 3/54 levels left

rFire   + . .      SeeInvis .   S - +11 whip of Ancient Evil {spect, rN+ Dex+4 Stlth+}
rCold   + . .      Faith    .   (no shield)
rNeg    + + +      Spirit   .   y - +2 robe {Archmagi}
rPois   +          Reflect  +   L - +3 hat "Rexzir" {*Slow rPois rF+ Dex+3}
rElec   +          Harm     .   G - +0 cloak
rCorr   .          Rampage  .   l - +2 pair of gloves of Vexation {rElec rN++}
Will    ++++.      Archmagi +   p - +0 pair of boots
Stlth   ++++......              k - amulet of reflection
HPRegen 0.25/turn               Z - ring "Hebeh" {*Slow rN+ Will+++ MP+9 Stlth+}
MPRegen 0.32/turn               o - ring of protection from cold

@: very slow
A: no striking features
a: Renounce Religion, Receive Corpses, Torment


You were on level 2 of the Shoals.
You worshipped Kikubaaqudgha.
Kikubaaqudgha was exalted by your worship.
You visited 6 branches of the dungeon, and saw 29 of its levels.
You also visited: Ossuary and Ice Cave.

You collected 4718 gold pieces.
You spent 1251 gold pieces at shops.

Inventory:

Hand Weapons
 v - a +1 vampiric spear
 S - the +11 whip of Ancient Evil (weapon) {spect, rN+ Dex+4 Stlth+}
   (You found it on level 2 of the Spider Nest)

   When its wielder attacks, the weapon's spirit leaps out and strikes again.
   The spirit shares a part of any damage it takes with its wielder.
   Dex:       It affects your dexterity (+4).
   rN:        It protects you from negative energy.
   Stlth:     It makes you more stealthy.
Missiles
 F - 5 throwing nets
Armour
 l - the +2 pair of gloves of Vexation (worn) {rElec rN++}
   (You acquired it on level 5 of the Dungeon)

   rElec:     It insulates you from electricity.
   rN:        It greatly protects you from negative energy.
 p - a +0 pair of boots (worn)
 y - a +2 robe of the Archmagi (worn)
 G - a +0 cloak (worn)
 L - the +3 hat "Rexzir" (worn) {*Slow rPois rF+ Dex+3}
   (You acquired it on level 5 of the Dungeon)

   Dex:       It affects your dexterity (+3).
   rF:        It protects you from fire.
   rPois:     It protects you from poison.
   *Slow:     It may slow you when you take damage.
 O - an orb of light
Jewellery
 d - an amulet of faith
 k - an amulet of reflection (around neck)
 o - a ring of protection from cold (right hand)
 q - a ring of flight
 R - a ring of resist corrosion
 Y - a +6 ring of intelligence
 Z - the ring "Hebeh" (left hand) {*Slow rN+ Will+++ MP+9 Stlth+}
   (You acquired it on level 5 of the Dungeon)

   [ring of positive energy]

   rN:        It protects you from negative energy.
   MP:        It affects your magic capacity (+9).
   *Slow:     It may slow you when you take damage.
   Will:      It greatly increases your willpower.
   Stlth:     It makes you more stealthy.
Wands
 x - a wand of iceblast (32)
 z - a wand of digging (35)
 H - a wand of flame (25)
 K - a wand of mindburst (12)
 N - a wand of polymorph (14)
 T - a wand of paralysis (1)
Scrolls
 a - 8 scrolls of magic mapping
 f - 3 scrolls of vulnerability
 g - 4 scrolls of enchant weapon
 i - 2 scrolls of torment {unknown}
 m - 2 scrolls of teleportation
 s - 3 scrolls of fear
 A - 2 scrolls of amnesia
 E - 2 scrolls of blinking
 J - 3 scrolls of holy word
 U - a scroll of enchant armour {unknown}
 W - 2 scrolls of immolation {unknown}
 X - 2 scrolls of silence {unknown}
Potions
 b - 8 potions of lignification
 c - 6 potions of haste
 e - 7 potions of curing
 h - 7 potions of mutation
 j - 5 potions of cancellation
 n - 4 potions of might {unknown}
 r - a potion of flight {unknown}
 t - 4 potions of attraction {unknown}
 u - a potion of ambrosia {unknown}
 B - 2 potions of brilliance {unknown}
 D - 3 potions of invisibility {unknown}
 P - a potion of resistance
 Q - a potion of berserk rage {unknown}
Miscellaneous
 C - a piece from Xom's chessboard (15/15)
 I - a phantom mirror
 M - a box of beasts
 V - a lightning rod (4/4)


   Skills:
 - Level 8.0 Fighting
 - Level 10.0 Dodging
 - Level 10.0 Stealth
 * Level 19.8 Spellcasting
 - Level 4.3 Conjurations
 + Level 16.8 Necromancy
 + Level 11.9 Transmutations
 - Level 7.0 Ice Magic
 - Level 8.0 Air Magic
 - Level 7.0 Earth Magic


You had 3 spell levels left.
You knew the following spells:

 Your Spells              Type           Power      Damage    Failure   Level
a - Statue Form           Tmut/Erth      57%        N/A       4%          6
b - Necromutation         Tmut/Necr      51%        N/A       28%         8
c - Swiftness             Air            81%        N/A       1%          3
d - Airstrike             Air            40%        N/A       1%          4
e - Passwall              Tmut/Erth      71%        N/A       1%          2
f - Vampiric Draining     Necr           100%       2d13      0%          3
g - Borgnjor's Vile Clut  Necr/Erth      47%        N/A       1%          5
h - Death Channel         Necr           54%        N/A       1%          6
i - Simulacrum            Ice/Necr       47%        N/A       1%          6
k - Infestation           Necr           54%        N/A       11%         8

Your spell library contained the following spells:

 Spells                   Type           Power      Damage    Failure   Level
 Animate Skeleton         Necr           100%       N/A       0%          1
 Pain                     Necr           100%       1d9       0%          1
 Corpse Rot               Necr/Air       100%       N/A       0%          2
 Sublimation of Blood     Necr           100%       N/A       0%          2
 Freeze                   Ice            100%       1d11      1%          1
 Magic Dart               Conj           100%       1d8       1%          1
 Sandblast                Erth           100%       2d20      1%          1
 Shock                    Conj/Air       100%       1d9       1%          1
 Slow                     Hex            100%       N/A       1%          1
 Ensorcelled Hibernation  Hex/Ice        100%       N/A       1%          2
 Poisonous Vapours        Pois/Air       100%       N/A       1%          2
 Searing Ray              Conj           100%       2d8       1%          2
 Static Discharge         Conj/Air       74%        N/A       1%          2
 Dazzling Flash           Conj/Hex       100%       N/A       1%          3
 Ozocubu's Armour         Ice            77%        N/A       1%          3
 Spider Form              Tmut/Pois      73%        N/A       1%          3
 Stone Arrow              Conj/Erth      100%       3d13      1%          3
 Confusing Touch          Hex            40%        N/A       4%          3
 Lesser Beckoning         Tloc           40%        N/A       4%          3
 Tukima's Dance           Hex            40%        N/A       4%          3
 Animate Dead             Necr           54%        N/A       0%          4
 Anguish                  Hex/Necr       41%        N/A       1%          4
 Petrify                  Tmut/Erth      86%        N/A       1%          4
 Excruciating Wounds      Necr           54%        N/A       1%          5
 Lee's Rapid Deconstruct  Erth           38%        3d20*     2%          5
 Freezing Cloud           Conj/Ice/Air   37%        6-21      3%          5
 Yara's Violent Unravell  Hex/Tmut       36%        3d15      3%          5
 Fulminant Prism          Conj/Hex       27%        3d14      6%          4
 Iskenderun's Mystic Bla  Conj/Tloc      55%        2d12      6%          4
 Iskenderun's Battlesphe  Conj           66%        2d12      7%          5
 Metabolic Englaciation   Hex/Ice        31%        N/A       11%         5
 Borgnjor's Revivificati  Necr           54%        N/A       11%         8
 Passage of Golubria      Tloc           40%        N/A       16%         4
 Fireball                 Conj/Fire      27%        3d12      19%         5
 Conjure Ball Lightning   Conj/Air       37%        3x3d12    19%         6
 Haunt                    Necr/Summ      41%        N/A       38%         7
 Ozocubu's Refrigeration  Ice            38%        4d12      58%         7
 Starburst                Conj/Fire      27%        6d9       69%         6
 Death's Door             Necr           54%        N/A       85%         9
 Orb of Destruction       Conj           33%        9d10      91%         7
 Enfeeble                 Hex            20%        N/A       100%        7
 Polar Vortex             Ice            38%        N/A       100%        9


Dungeon Overview and Level Annotations

Branches:
Dungeon (15/15)            Temple (1/1) D:4            Lair (5/6) D:8
 Shoals (2/4) Lair:3       Spider (4/4) Lair:3        Slime (0/5) Lair:5
    Orc (2/2) D:10            Elf (0/3) Orc:2        Vaults (0/5) D:14
Ossuary (visited)           IceCv (visited)
 Depths: D:15

Altars:
Ashenzari
Cheibriados
Dithmenos
Elyvilon
Fedhas
Gozag
Hepliaklqana
Kikubaaqudgha
Makhleb
Nemelex Xobeh
Okawaru
Qazlal
Ru
Sif Muna
Trog
Uskayaw
Vehumet
Wu Jian
Xom
Yredelemnul
Zin
The Shining One
Beogh
Jiyva

Shops:
D:3 (   D:5 !(?*   D:7 *   D:14 [   Orc:2 ((*([(

Portals:
Abyss: Lair:4

Annotations:
Lair:4 2 transporters, firemarshallily's ghost, journeyman DsGl
Shoals:2 Polyphemus


Message History

Casting: Borgnjor's Vile Clutch (mildly dangerous; 1% risk of failure)
Confirm with . or Enter, or press ? or * to list all spells.
Aiming: Borgnjor's Vile Clutch (mildly dangerous; 1% risk of failure)
Press: ? - help, Shift-Dir - straight line, f - Polyphemus
Aim: Polyphemus, quivering large rocks (wandering, hasn't noticed you, 100% to hit)
You feel a surge of power!
Polyphemus shouts, "Attack, my pets!
Attack!"
Zombie hands grab Polyphemus.
The zombie hands constrict Polyphemus!
Polyphemus struggles to escape constriction.
The zombie hands constrict Polyphemus!
Polyphemus struggles to escape constriction.
The zombie hands constrict Polyphemus!
Polyphemus throws a large rock.
The large rock hits you!!!
You enter the shallow water.
Moving in this stuff is going to be slow.
The zombie hands constrict Polyphemus!!
Polyphemus throws a large rock.
The large rock hits you!!!
* * * LOW HITPOINT WARNING * * *
Unknown command.
The zombie hands lose their grip on something.
As you read the scroll of fog, it crumbles to dust.
The scroll dissolves into smoke.
You enter the shallow water.
Moving in this stuff is going to be slow.
You enter the shallow water.
Moving in this stuff is going to be slow.
You enter the shallow water.
Moving in this stuff is going to be slow.
Casting: Borgnjor's Vile Clutch (mildly dangerous; 1% risk of failure)
Confirm with . or Enter, or press ? or * to list all spells.
Aiming: Borgnjor's Vile Clutch (mildly dangerous; 1% risk of failure)
Press: ? - help, Shift-Dir - straight line, f/p - Polyphemus
Aim: Polyphemus, quivering large rocks (black smoke, moderately wounded, wandering, hasn't noticed you, 100% to hit)
You feel a surge of power!
Zombie hands grab Polyphemus.
The zombie hands constrict Polyphemus, but do no damage.
Polyphemus throws a large rock.
The large rock hits you!!
You die...
Kikubaaqudgha rasps: "You have failed me!
Welcome... death!"

≈≈≈≈≈≈≈≈.......≈P..PP≈≈
≈≈≈≈≈≈≈≈≈...≈≈≈.....≈≈..
≈≈≈≈≈≈≈≈....§§§§§......P
##
≈≈≈≈≈≈≈.....§§§P§##.....
..
≈≈≈≈≈≈≈≈≈≈≈§§C§§§#....≈.
.[
≈≈≈≈≈≈≈≈≈≈≈§§§§§........
≈≈
≈≈≈≈.≈≈≈≈≈.§§≈§..≈≈≈....
.≈
≈≈≈...≈≈≈≈..≈§§§≈≈≈≈≈...
.≈
≈..≈≈≈..≈≈≈.≈≈≈≈@≈≈≈≈≈≈≈
.≈
...≈.....≈≈≈≈≈§§≈≈≈≈≈≈..
≈.
..........≈≈≈≈≈≈≈..≈≈...
..
.......##.≈≈≈≈≈≈≈≈≈≈≈..≈
≈.
......†#.≈≈≈≈≈≈≈≈≈≈≈≈≈≈≈
≈≈
≈..≈≈≈≈≈≈≈≈≈≈≈≈≈≈≈≈≈≈≈≈≈
≈≈
≈....≈...≈≈≈≈≈≈≈≈≈≈≈≈≈≈.
≈≈≈
.....≈...≈≈≈≈≈≈≈≈≈≈≈≈≈≈≈.
≈≈.
.....≈≈...≈≈≈≈≈.≈≈≈≈≈≈≈≈..
≈≈≈


You could see Polyphemus (clutched).

Vanquished Creatures
  Gastronok (Lair:2)
  Agnes (D:14)
  Ilsuiw (Shoals:2)
  2 emperor scorpions
  An orc warlord (Orc:2)
  A ghost moth (Spider:3)
  A broodmother (Spider:3)
  3 spark wasps
  An entropy weaver (Spider:1)
  A merfolk javelineer (Shoals:2)
  Josephine (D:12)
  A merfolk impaler (Shoals:2)
  8 hydras
  4 boulder beetles
  A merfolk avatar (Shoals:1)
  A catoblepas (D:14)
  2 vault guards (D:14)
  A death knight (D:14)
  An ogre mage (Orc:1)
  2 centaur warriors (D:14)
  2 tengu warriors (D:14)
  A merfolk aquamancer (Lair:3)
  A satyr (Shoals:1)
  6 two-headed ogres
  8 death yaks
  Sonja (D:13)
  2 pharaoh ants (Spider:2)
  6 skeletal warriors
  A steelbarb worm (Spider:3)
  3 sea snakes
  Pikel (D:6)
  2 orc knights (Orc:2)
  3 orb spiders
  A wizard (D:14)
  A harpy (Shoals:1)
  2 ugly things
  2 cyclopes (D:14)
  A deep elf pyromancer (D:12)
  2 orc sorcerers (Orc:2)
  A necromancer (D:14)
  4 manticores
  3 wolf spiders
  13 fauns
  A moth of wrath (Spider:3)
  10 merfolk sirens
  3 black mambas
  A water nymph (Shoals:2)
  5 elephants
  2 gargoyles
  5 rime drakes
  3 torpor snails
  3 kobold demonologists
  7 cane toads
  A yaktaur (D:11)
  6 komodo dragons
  A freezing wraith (D:14)
  7 demonic crawlers
  An unseen horror (D:12)
  3 polar bears
  13 merfolk
  7 trolls
  9 meliai
  10 tarantellas
  3 hornets
  2 wind drakes
  3 slime creatures (D:12)
  5 snapping turtles
  5 blink frogs
  16 jumping spiders
  5 culicivoras
  18 yaks
  A spriggan (Lair:4)
  5 water elementals
  A vampire (D:13)
  A ynoxinul (D:8)
  3 shadows
  8 wraiths
  2 wyverns
  20 humans (D:14)
  18 redbacks
  A hog (shapeshifter) (D:14)
  2 vampire mosquitoes (D:11)
  4 basilisks
  A steam dragon (D:10)
  4 water moccasins
  A warg (Orc:1)
  Edmund (D:6)
  2 acid dragons
  A sky beast (D:7)
  40 orc warriors
  An ice beast (D:6)
  A black bear (D:6)
  An ice beast (shapeshifter) (D:12)
  5 centaurs
  8 ogres
  2 necrophages
  8 wolves
  2 lemures (D:6)
  A phantom (D:5)
  6 kobold brigands
  Blork the orc (D:6)
  9 bullfrogs
  A wyvern zombie (D:7)
  4 gnoll sergeants
  A scorpion (D:4)
  3 killer bees (D:9)
  3 electric eels
  A lindwurm simulacrum (IceCv)
  7 howler monkeys
  4 komodo dragon simulacra (IceCv)
  4 hounds
  A bullfrog zombie (D:6)
  4 centaur zombies
  2 human zombies (Ossuary)
  A jelly (D:6)
  24 orc priests
  A centaur skeleton (D:6)
  An iguana (D:6)
  31 orc wizards
  A killer bee zombie (D:8)
  2 mummies (Ossuary)
  2 howler monkey zombies
  16 gnolls
  A howler monkey skeleton (D:4)
  4 acid dragon simulacra (IceCv)
  7 adders
  13 white imps
  An ufetubus (D:4)
  3 steam dragon simulacra (IceCv)
  A worm (D:3)
  7 dart slugs
  108 orcs
  A bat (D:2)
  8 endoplasms
  3 giant cockroaches
  4 goblins
  8 hobgoblins
  17 jackals
  4 quokkas
  7 ball pythons
  4 frilled lizards
  A goblin zombie (Ossuary)
  9 hobgoblin zombies (Ossuary)
  3 jackal zombies (Ossuary)
  32 kobolds
  11 kobold zombies (Ossuary)
  8 orc zombies (Ossuary)
  A quokka skeleton (D:4)
  5 rats
803 creatures vanquished.

Vanquished Creatures (collateral kills)
  A ghost moth (Spider:3)
  A merfolk impaler (Shoals:1)
  A merfolk aquamancer (Shoals:1)
  A sea snake (Shoals:1)
  3 harpies (Shoals:1)
  2 wolf spiders
  3 elephants (Lair:4)
  A cane toad (Lair:3)
  A torpor snail (Spider:3)
  2 demonic crawlers (Lair:3)
  2 komodo dragons
  3 merfolk (Shoals:1)
  3 blink frogs
  2 water elementals (Shoals:1)
  2 wyverns
  A redback (Spider:3)
  2 water moccasins (Lair:4)
  3 wolves
  2 bullfrogs
  An electric eel (Lair:5)
  An orc priest (Orc:2)
  2 orc wizards (Orc:2)
  6 orcs
  A kobold (D:11)
47 creatures vanquished.

Vanquished Creatures (others)
  A faun (Shoals:1)
  10 fungi
  58 plants
  2 withered plants (D:4)
71 creatures vanquished.

Grand Total: 921 creatures vanquished

Notes
Turn   | Place    | Note
-------+----------+-------------------------------------------
     0 | D:1      | Woods the Deep Elf Air Elementalist began the quest for the
                  | Orb.
     0 | D:1      | Reached XP level 1. HP: 10/10 MP: 6/6
   297 | D:1      | Reached XP level 2. HP: 15/15 MP: 5/8
   789 | D:1      | Found Cohed's Armour Shoppe.
  1050 | D:1      | Reached XP level 3. HP: 19/19 MP: 5/9
  1053 | D:1      | Learned a level 2 spell: Static Discharge
  1060 | D:1      | Learned a level 3 spell: Swiftness
  2112 | D:2      | Found a faded altar of an unknown god.
  2781 | D:3      | Reached XP level 4. HP: 24/24 MP: 9/11
  3059 | D:3      | Found Beffe's Weapon Shoppe.
  3386 | D:3      | Found a basalt altar of Yredelemnul.
  3430 | D:3      | Reached skill level 4 in Spellcasting
  3654 | D:3      | Identified the +0 leather armour of Pessimism {-Tele rN++
                  | Dex+5}
  4080 | D:3      | Reached XP level 5. HP: 28/28 MP: 8/13
  4545 | D:4      | Learned a level 4 spell: Airstrike
  4548 | D:4      | Learned a level 2 spell: Passwall
  4650 | D:4      | Found an ancient bone altar of Kikubaaqudgha.
  4653 | D:4      | Found a blossoming altar of Fedhas.
  4887 | D:4      | Found a sand-covered staircase.
  4896 | Ossuary  | Entered an ossuary
  5824 | Ossuary  | Reached XP level 6. HP: 32/32 MP: 0/15
  6176 | Ossuary  | Reached skill level 5 in Spellcasting
  6922 | D:4      | Found a staircase to the Ecumenical Temple.
  6935 | Temple   | Entered the Ecumenical Temple
  7264 | D:4      | Became a worshipper of Kikubaaqudgha
  7516 | D:5      | Entered Level 5 of the Dungeon
  7567 | D:5      | Found Kevia's General Store.
  7645 | D:5      | Reached XP level 7. HP: 35/36 MP: 8/17
  7725 | D:5      | Reached skill level 5 in Stealth
  7729 | D:5      | Learned a level 3 spell: Vampiric Draining
  7840 | D:5      | Reached skill level 1 in Necromancy
  7977 | D:5      | Reached skill level 5 in Dodging
  7994 | D:5      | Found Yxkack's Antique Weapon Boutique.
  8195 | D:5      | Found an ornate altar of the Wu Jian Council.
  8195 | D:5      | Found a burning altar of Makhleb.
  8284 | D:5      | Reached skill level 6 in Spellcasting
  8598 | D:5      | Reached skill level 5 in Air Magic
  8643 | D:5      | Reached XP level 8. HP: 29/41 MP: 12/19
  8905 | D:5      | Found Cooph's Distillery.
  8913 | D:5      | Bought a potion of curing for 36 gold pieces
  8913 | D:5      | Bought a potion of curing for 36 gold pieces
  9256 | D:5      | Found Bauzosif's Magic Scroll Shop.
  9262 | D:5      | Bought a scroll of identify for 26 gold pieces
  9262 | D:5      | Bought a scroll of identify for 26 gold pieces
  9349 | D:6      | Reached skill level 7 in Spellcasting
  9351 | D:6      | Noticed Blork the orc
  9354 | D:6      | Noticed Edmund
  9534 | D:6      | Killed Edmund
  9702 | D:6      | Killed Blork the orc
  9931 | D:6      | Found a shadowy altar of Dithmenos.
 10186 | D:6      | Reached skill level 8 in Spellcasting
 10186 | D:6      | Reached skill level 5 in Necromancy
 10286 | D:6      | Noticed Pikel
 10400 | D:6      | Killed Pikel
 10401 | D:6      | Reached XP level 9. HP: 38/48 MP: 8/23
 10502 | D:6      | Found a glowing golden altar of the Shining One.
 10694 | D:6      | Reached * piety under Kikubaaqudgha
 10694 | D:6      | Received a gift from Kikubaaqudgha
 11352 | D:7      | Reached skill level 5 in Fighting
 11650 | D:7      | Found Taded's General Store.
 11918 | D:8      | Noticed a troll
 11922 | D:8      | Killed a troll
 11923 | D:8      | Found a bloodstained altar of Trog.
 12015 | D:8      | Found a shimmering blue altar of Sif Muna.
 12019 | D:8      | Got Sif Muna's Catalogue of the Displaced Frostbite
 12158 | D:8      | Found a staircase to the Lair.
 12437 | D:8      | Reached skill level 9 in Spellcasting
 12439 | D:8      | Reached XP level 10. HP: 57/59 MP: 8/25
 13763 | D:9      | Reached ** piety under Kikubaaqudgha
 14812 | D:9      | Reached skill level 10 in Spellcasting
 15172 | D:10     | Entered Level 10 of the Dungeon
 15830 | D:10     | Reached skill level 11 in Spellcasting
 15831 | D:10     | Reached *** piety under Kikubaaqudgha
 15831 | D:10     | Received a gift from Kikubaaqudgha
 15964 | D:10     | Learned a level 5 spell: Borgnjor's Vile Clutch
 15985 | D:10     | Found a staircase to the Orcish Mines.
 16808 | D:10     | Reached XP level 11. HP: 63/63 MP: 15/28
 17186 | D:10     | Reached skill level 10 in Stealth
 17653 | D:11     | Reached skill level 12 in Spellcasting
 17657 | D:11     | Noticed a two-headed ogre
 18229 | D:11     | Noticed a two-headed ogre
 18243 | D:11     | Noticed a seven-headed hydra
 18248 | D:11     | Killed a seven-headed hydra
 18458 | D:11     | Killed a two-headed ogre
 18800 | D:11     | Killed a two-headed ogre
 18991 | D:11     | Learned a level 6 spell: Death Channel
 20252 | D:12     | Noticed an eight-headed hydra
 20258 | D:12     | Killed an eight-headed hydra
 20870 | D:12     | Noticed a deep elf pyromancer
 22254 | D:12     | Killed a deep elf pyromancer
 22254 | D:12     | Reached **** piety under Kikubaaqudgha
 22437 | Lair:1   | Entered Level 1 of the Lair of Beasts
 22444 | Lair:1   | Reached XP level 12. HP: 72/72 MP: 17/30
 22819 | Lair:1   | Noticed a four-headed hydra
 22840 | Lair:1   | Killed a four-headed hydra
 22943 | Lair:1   | Noticed a four-headed hydra
 22972 | Lair:1   | Killed a four-headed hydra
 23268 | Lair:1   | Reached skill level 10 in Necromancy
 24339 | Lair:2   | Reached skill level 10 in Dodging
 24571 | Lair:2   | Noticed a five-headed hydra
 24578 | Lair:2   | Killed a five-headed hydra
 24782 | Lair:2   | Noticed an eight-headed hydra
 24926 | Lair:2   | Found a frozen archway.
 24937 | IceCv    | Entered an ice cave
 25203 | IceCv    | Reached skill level 13 in Spellcasting
 25768 | Lair:2   | Killed an eight-headed hydra
 25978 | Lair:3   | Noticed Gastronok
 25978 | Lair:3   | Noticed a death yak
 25980 | Lair:3   | Noticed a death yak
 25980 | Lair:3   | Noticed a death yak
 25982 | Lair:3   | Noticed a death yak
 25992 | Lair:2   | Killed Gastronok
 25993 | Lair:2   | Reached skill level 14 in Spellcasting
 26437 | Lair:3   | Reached skill level 15 in Spellcasting
 26880 | Lair:3   | Noticed a death yak
 26895 | Lair:3   | Killed a death yak
 27010 | Lair:3   | Noticed a death yak
 27263 | Lair:2   | Reached XP level 13. HP: 27/78 MP: 5/34
 27263 | Lair:2   | Reached ***** piety under Kikubaaqudgha
 28040 | Lair:3   | Found a staircase to the Shoals.
 28045 | Lair:3   | Reached skill level 1 in Transmutations
 28045 | Lair:3   | Reached skill level 1 in Earth Magic
 28260 | Lair:3   | Found a hole to the Spider Nest.
 29286 | Lair:4   | Found a transporter.
 29352 | Lair:4   | Reached skill level 5 in Transmutations
 29524 | Lair:4   | Learned a level 6 spell: Simulacrum
 29893 | Lair:4   | Reached skill level 1 in Ice Magic
 30037 | Lair:4   | Noticed firemarshallily's ghost (journeyman DsGl)
 30542 | Lair:4   | Found a transporter.
 30764 | Lair:4   | Found a one-way gate to the infinite horrors of the Abyss.
 31564 | Lair:5   | Found a viscous altar of Jiyva.
 31565 | Lair:5   | Found a staircase to the Slime Pits.
 32200 | D:13     | Noticed Sonja
 32208 | D:13     | Killed Sonja
 32813 | D:13     | Reached skill level 16 in Spellcasting
 32897 | D:13     | Noticed Josephine
 32907 | D:12     | Reached skill level 5 in Ice Magic
 33139 | D:12     | Learned a level 6 spell: Statue Form
 33170 | D:12     | Killed Josephine
 34680 | D:13     | Reached XP level 14. HP: 84/84 MP: 23/36
 34740 | D:13     | Reached skill level 5 in Earth Magic
 38351 | D:14     | Noticed Agnes
 38385 | D:14     | Killed Agnes
 38529 | D:14     | Found a gate to the Vaults.
 38780 | D:14     | Found Cirphux's Antique Armour Shoppe.
 39583 | D:15     | Entered Level 15 of the Dungeon
 40170 | Orc:1    | Entered Level 1 of the Orcish Mines
 41023 | Orc:2    | Entered Level 2 of the Orcish Mines
 41478 | Orc:2    | Reached skill level 15 in Necromancy
 41508 | Orc:2    | Found Zemos's Assorted Antiques.
 41535 | Orc:2    | Bought a scroll of teleportation for 93 gold pieces
 41929 | Orc:2    | Found Raeb's Weapon Boutique.
 41980 | Orc:2    | Found a staircase to the Elven Halls.
 42624 | Orc:2    | Found Duoqenn's Antique Weapon Emporium.
 43352 | Orc:2    | Found Gealas's Firing Range.
 43455 | Orc:2    | Reached ****** piety under Kikubaaqudgha
 43456 | Orc:2    | Received a gift from Kikubaaqudgha
 43747 | Orc:2    | Noticed an orc warlord
 43770 | Orc:2    | Killed an orc warlord
 44809 | Orc:2    | Found Geesihymm's Antique Armour Emporium.
 44811 | Orc:2    | Found Zicoreo's Antique Weapon Shoppe.
 44825 | Orc:2    | Bought a pair of glowing gloves for 255 gold pieces
 45326 | D:5      | Bought a scroll of acquirement for 624 gold pieces
 45326 | D:5      | Acquired the Handbook of the Glacier and Earth
 45328 | D:5      | Acquired the +2 pair of gloves of Vexation {rElec rN++}
 45341 | D:5      | Acquired the ring "Hebeh" {*Slow rN+ Will+++ MP+9 Stlth+}
 45345 | D:5      | Acquired 1142 gold pieces
 45347 | D:5      | Acquired the +3 hat "Rexzir" {*Slow rPois rF+ Dex+3}
 45521 | Spider:1 | Entered Level 1 of the Spider Nest
 45885 | Spider:1 | Noticed an emperor scorpion
 45900 | Spider:1 | Killed an emperor scorpion
 45901 | Spider:1 | Reached XP level 15. HP: 59/88 MP: 19/37
 48135 | Spider:2 | Reached skill level 10 in Transmutations
 48779 | Spider:2 | Reached skill level 17 in Spellcasting
 48912 | Spider:2 | Learned a level 8 spell: Infestation
 48951 | Spider:2 | Identified the +11 whip of Ancient Evil {spect, rN+ Dex+4
                  | Stlth+}
 50625 | Spider:3 | HP: 2/88 [meliai/divine providence (14)]
 51289 | Orc:2    | Bought a glowing jasper amulet for 155 gold pieces
 51525 | Spider:3 | Noticed an emperor scorpion
 51545 | Spider:3 | Killed an emperor scorpion
 52446 | Spider:3 | Reached skill level 18 in Spellcasting
 52747 | Spider:4 | Entered Level 4 of the Spider Nest
 53401 | Shoals:1 | Entered Level 1 of the Shoals
 54612 | Shoals:1 | HP: 1/114 [merfolk impaler/+6 demon trident (8)]
 54769 | Shoals:1 | Reached skill level 19 in Spellcasting
 54769 | Shoals:1 | Reached XP level 16. HP: 67/93 MP: 31/41
 55189 | Shoals:1 | Learned a level 8 spell: Necromutation
 56280 | Shoals:2 | Noticed Ilsuiw
 56292 | Shoals:2 | Killed Ilsuiw
 56814 | Shoals:2 | Noticed Polyphemus
 56826 | Shoals:2 | Hit by a large rock thrown by Polyphemus

Illustrated notes

Levels and vault maps discovered:
D:1:      mainiacjoe_arrival_reflecting_pool, layout_loops_cross, serial_shops,
          shop
D:2:      layout_basic, hellmonk_ecumenical_altar_dog_temple
D:3:      layout_basic, mainiacjoe_overflow_24_doors, serial_shops,
          nicolae_shop_crystal, minmay_pentomino_pile
D:4:      layout_basic, grunt_temple_overflow_growth_and_decay,
          minmay_temple_entry_fiery, nicolae_ossuary_entry_ruins,
          minmay_door_square
D:5:      layout_basic, gammafunk_temple_overflow_elements, serial_shops, shop,
          nicolae_shop_stone, nicolae_shop_trees, kennysheep_little_box
D:6:      layout_rooms, nicolae_tso_swordbearing_angel,
          nicolae_dithmenos_shadow_blocks, uniq_blork_the_orc, uniq_pikel,
          uniq_edmund
D:7:      layout_cave_pools, serial_shops, nicolae_lakefront_shop
D:8:      layout_loops_ring, nzn_overflow_gifts_of_might_and_magic,
          lair_entry_dummy
D:9:      layout_grid_maze
D:10:     layout_roguey, hiddenorc1_lemuel
D:11:     layout_cave_pools
D:12:     layout_basic
D:13:     layout_cave_pools, special_room [special_room_orc], uniq_josephine,
          uniq_sonja
D:14:     nicolae_cairo_tiling_large, layout_stronghold,
          grunt_vaults_entry_tiered, gauntlet_entry_generic, serial_shops, shop,
          minmay_orc_keep, uniq_agnes
D:15:     gammafunk_enter_depths_forms, layout_long_grid, minivault_4,
          lemuel_old_faithful
Temple:   oiseaux_autumnal_temple
Lair:1:   layout_small_grid, grunt_megastairs_5, infiniplex_staircase_pool_2
Lair:2:   layout_hall_layers, serial_forest, infiniplex_forest_corner_1,
          infiniplex_forest_clump_double, infiniplex_forest_clump_medium,
          infiniplex_forest_lined_room_2, infiniplex_forest_clump_long,
          infiniplex_forest_corner_2, infiniplex_forest_straight_4,
          portal_ice_cave_entry_imps, lemuel_fruit_tree
Lair:3:   layout_hall_layers, minmay_shoals_entry_lonely_mermaid,
          spider_nest_entry_a, nicolae_volcano_entry_s_turn,
          grunt_forest_stairs_basic, lemuel_fruit_fields, uniq_gastronok
Lair:4:   layout_long_grid, gammafunk_ghost_abyssal_escape,
          grunt_forest_large_clearing_hut
Lair:5:   layout_gridlike, slime_altar_1, serial_bayou, serial_bayou_pond_c,
          serial_bayou_pond_d, serial_bayou_pond_c, serial_bayou_lagoon_a,
          serial_bayou_shore_a
Shoals:1: cheibrodos_shoals_oceanic_diplomacy, layout_shoals,
          nicolae_shoals_lost_giant_amphitheater
Shoals:2: nicolae_shoals_mermall, layout_shoals, uniq_ilsuiw, uniq_polyphemus
Spider:1: layout_spider_delve
Spider:2: layout_cave_pods, guppyfry_hornet_nest
Spider:3: layout_cave_pods, hangedman_spider_tarantella_strand
Spider:4: grunt_spider_rune_island, uniq_arachne
Orc:1:    layout_diamond_mine, serial_shops
Orc:2:    grunt_orc_community_town_hall, layout_diamond_mine,
          grunt_orc_community_big_house_2, grunt_orc_community_big_house_2,
          grunt_orc_community_house_2, grunt_orc_community_house_1,
          grunt_orc_community_house_3, grunt_orc_community_house_2,
          grunt_orc_community_house_1, grunt_orc_community_house_1,
          serial_shops, nicolae_shop_bloodbath_and_beyond,
          nicolae_shop_firing_range

Skill      XL: |  1  2  3  4  5  6  7  8  9 10 11 12 13 14 15 |
---------------+----------------------------------------------+-----
Stealth        | 3 4 5 6 9 10 | 10.0
Dodging        | 3 4 5 9 10 | 10.0
Conjurations   | 2 3 4 |  4.3
Spellcasting   | 4 5 6 8 9 11 12 15 16 19 | 19.8
Air Magic      | 4 5 7 8 |  8.0
Necromancy     | 2 6 7 8 9 11 12 15 16 | 16.8
Fighting       | 2 5 7 8 |  8.0
Transmutations | 6 9 11 | 11.9
Earth Magic    | 4 7 |  7.0
Ice Magic      | 5 7 |  7.0

Action                   |  1- 3 |  4- 6 |  7- 9 | 10-12 | 13-15 | 16-18 || total
-------------------------+-------+-------+-------+-------+-------+-------++-------
Melee: Unarmed           |     4 |    39 |       |    54 |    63 |       ||   160
       Punch             |       |     1 |       |     1 |     3 |       ||     5
       Whip              |       |       |       |       |    17 |     1 ||    18
 Cast: Shock             |   102 |    83 |   120 |    48 |     6 |       ||   359
       Static Discharge  |     8 |    70 |    72 |   138 |    51 |       ||   339
       Swiftness         |       |       |     2 |     3 |     4 |       ||     9
       Airstrike         |       |       |    26 |   283 |   309 |    57 ||   675
       Vampiric Draining |       |       |     3 |     4 |    18 |       ||    25
       Death Channel     |       |       |       |     5 |    16 |       ||    21
       Borgnjor's Vile C |       |       |       |     1 |   379 |    45 ||   425
       Simulacrum        |       |       |       |       |     6 |     3 ||     9
       Statue Form       |       |       |       |       |    17 |     1 ||    18
       Necromutation     |       |       |       |       |       |     1 ||     1
Invok: Receive Corpses   |       |       |       |       |     1 |     1 ||     2
       Receive Forbidden |       |       |       |       |     1 |       ||     1
 Abil: End Transformatio |       |       |       |       |     1 |       ||     1
  Use: Scroll            |       |       |     7 |     6 |    26 |     1 ||    40
       Potion            |       |       |       |       |     5 |       ||     5
 Stab: Distracted        |       |       |       |       |     1 |       ||     1
       Sleeping          |       |       |       |       |     1 |       ||     1
Armor: Robe              |     6 |    70 |    21 |    59 |   105 |     4 ||   265
       Skin              |       |       |       |       |   204 |     1 ||   205
Dodge: Dodged            |    21 |   128 |    56 |   228 |   594 |    20 ||  1047
Block: Other             |       |       |       |       |       |     3 ||     3
       Reflection        |       |       |       |       |       |     1 ||     1
